 Dungeon Crawl Stone Soup version 0.28-a0-1117-g0bdd5ba030 (webtiles) character file.

Game seed: 17232020059205662428

4 vurker the Gusty (level 1, 0/7 HPs)
             Began as a Felid Air Elementalist on Dec 11, 2021.
             Slain by a worm (7 damage)
             ... on level 2 of the Dungeon.
             The game lasted 00:00:30 (339 turns).

vurker the Gusty (Felid Air Elementalist)            Turns: 339, Time: 00:00:30

Health: 0/7        AC:  1    Str:  4    XL:     1   Next: 58%
Magic:  2/4        EV: 17    Int: 16    God:
Gold:   0          SH:  0    Dex: 16    Spells: 3/4 levels left
                                        Lives:  0   Deaths: 0

rFire   . . .      SeeInvis +   (weapon unavailable)
rCold   . . .      Faith    .   (shield unavailable)
rNeg    . . .      Spirit   .   (armour unavailable)
rPois   .          Reflect  .   (helmet unavailable)
rElec   .          Harm     .   (cloak unavailable)
rCorr   .          Rampage  .   (gloves unavailable)
Will    .....                   (boots unavailable)
Stlth   ++........              (no amulet)
HPRegen 0.02/turn               (no ring)
MPRegen 0.09/turn               (no ring)

@: quick
A: very small, claws 1, fangs 3, see invisible, speed 1, shaggy fur 1, stealthy
paws, no weapons or thrown items, no armour, multi-lived
a: no special abilities


You were on level 2 of the Dungeon.
You visited 1 branch of the dungeon, and saw 2 of its levels.

You aren't carrying anything.


   Skills:
 + Level 0.2 Fighting
 - Level 2.6 Dodging
 - Level 2.6 Stealth
 * Level 2.1 Spellcasting
 + Level 1.0 Conjurations
 * Level 2.8 Air Magic


You had 3 spell levels left.
You knew the following spells:

 Your Spells              Type           Power      Damage    Failure   Level
a - Shock                 Conj/Air       28%        1d4       10%         1

Your spell library contained the following spells:

 Spells                   Type           Power      Damage    Failure   Level
 Static Discharge         Conj/Air       7%         N/A       14%         2
 Swiftness                Air            10%        N/A       19%         3
 Airstrike                Air            5%         N/A       54%         4


Dungeon Overview and Level Annotations

Branches:
Dungeon (1/15)

Altars:


Innate Abilities, Weirdness & Mutations

You have sharp claws.
You have razor-sharp teeth.
You have supernaturally acute eyesight. (SInv)
You cover ground quickly. (Speed+)
You are covered in fur. (AC +1)
Your paws help you pounce on unaware monsters.
You are incapable of wielding weapons or throwing items.
You cannot wear armour.
You gain extra lives every three experience levels.


Message History

The quokka closely misses you.
You scratch the quokka.
You kill the quokka!
You see here a quokka corpse.
A quokka comes into view.
Aim: a quokka (asleep, 100% to hit)
The zap hits the quokka.
Aim: a quokka (moderately wounded, 56% to hit)
You miscast Shock.
You are very lightly contaminated with residual magic.
Nothing appears to happen.
Aim: a quokka (moderately wounded, 56% to hit)
You miscast Shock.
Nothing appears to happen.
Aim: a quokka (moderately wounded, 56% to hit)
The zap hits the quokka.
You don't have enough magic to cast this spell.
You don't have enough magic to cast this spell.
The quokka closely misses you.
You barely miss the quokka. You bite the quokka, but do no damage.
The quokka closely misses you.
You scratch the quokka but do no damage.
The quokka closely misses you.
You scratch the quokka but do no damage.
The quokka closely misses you. x2
You closely miss the quokka. The quokka completely misses you.
You scratch the quokka but do no damage.
The quokka misses you.
You closely miss the quokka. You bite the quokka.
You kill the quokka!
Your Conjurations skill increases to level 1!
Your magical contamination has completely faded away.
You open the door.
There is an open door here.
You open the door.
There is an open door here.
You open the door.
There is an open door here.
You open the door.
There is an open door here.
You open the door.
There is an open door here.
A worm and an endoplasm come into view.
There is an open door here.
As you close the door, it creaks loudly!
You open the door.
There is an open door here.
The zap hits the worm. x2
The zap hits the worm. x2; The worm bites you!
Ouch! That really hurt!
You die...

#.....#
#.###...............
#.....#
#...'.....######...#
#.....# #####...#.#
#...# ####'## #####.#
#...# #.# #.# #...# #.
#.# #.# ##### #...###'##
#########.#
#........#####.......#.#
###.............@......#
#......##.####w####..#
#......##.#.......#
#......##.#.......#
#########.#..###..# ###
#.#.. #..# #.# #.#..
#..# #.# #.#..J....# #.#
#.#.w.....# #.#


You could see a worm.

Vanquished Creatures
  A goblin (D:2)
  2 quokkas (D:2)
  A rat (D:2)
4 creatures vanquished.

Notes
Turn   | Place    | Note
-------+----------+-------------------------------------------
     0 | D:1      | vurker the Felid Air Elementalist began the quest for the
                  | Orb.
     0 | D:1      | Reached XP level 1. HP: 7/7 MP: 4/4
    20 | D:1      | You fall into a shaft and drop 1 floor!
   220 | D:2      | Reached skill level 1 in Conjurations
   339 | D:2      | Slain by a worm

Illustrated notes

Levels and vault maps discovered:
D:1:      lightli_arrival_chessboard, layout_basic
D:2:      layout_basic, hellmonk_ecumenical_altar_inner_sanctum, uniq_terence

Skill      XL: |  1 |
---------------+----+-----
Conjurations   | 1 |  1.0
Fighting       | |  0.2
Dodging        | |  2.6
Stealth        | |  2.6
Spellcasting   | |  2.1
Air Magic      | |  2.8

Action                   || total
-------------------------++-------
Melee: Unarmed           ||    10
       Bite              ||     2
 Cast: Shock             ||    11
Dodge: Dodged            ||    11

Table legend: (Time is in decaauts)
 A = Elapsed time spent in this place.
 B = Non-inter-level travel time spent in this place.
 C = Inter-level travel time spent in this place.
 D = Time resting spent in this place.
 E = Time spent auto-exploring this place.
 F = Levels seen in this place.
 G = Mean time per level.
                   A        B        C        D        E       F      G
               +--------+--------+--------+--------+--------+-----+--------+
         Total |    297 |    297 |      0 |      0 |    253 |   2 |  148.5 |
       Dungeon |    297 |    297 |      0 |      0 |    253 |   2 |  148.5 |
               +--------+--------+--------+--------+--------+-----+--------+

Top non-repeatable levels by time:
     D:2: 281 daAuts
     D:1: 16 daAuts
